 Dungeon Crawl Stone Soup version 0.28.0-45-g0d030f2227 (webtiles) character file.

Game seed: 17090467568875766685

75 raph the Firebug (level 4, -1/25 HPs)
             Began as a Deep Elf Fire Elementalist on Mar 30, 2022.
             Slain by an orc
             ... wielding a +0 hand axe
              (4 damage)
             ... on level 3 of the Dungeon.
             The game lasted 00:03:16 (2791 turns).

raph the Firebug (Deep Elf Fire Elementalist)       Turns: 2791, Time: 00:03:16

Health: -1/25      AC:  5    Str:  5    XL:     4   Next: 11%
Magic:  7/11       EV: 13    Int: 22    God:
Gold:   22         SH:  0    Dex: 15    Spells: 4/10 levels left

rFire   . . .      SeeInvis .   c - +0 short sword
rCold   . . .      Faith    .   (no shield)
rNeg    . . .      Spirit   .   a - +0 robe
rPois   .          Reflect  .   (no helmet)
rElec   .          Harm     .   (no cloak)
rCorr   .          Rampage  +   (no gloves)
Will    .....                   m - +2 pair of boots {rampage}
Stlth   ++........              (no amulet)
HPRegen 0.08/turn               (no ring)
MPRegen 0.12/turn               (no ring)

@: no status effects
A: no striking features
a: no special abilities


You were on level 3 of the Dungeon.
You visited 1 branch of the dungeon, and saw 3 of its levels.

You collected 22 gold pieces.

Inventory:

Hand Weapons
 c - a +0 short sword (weapon)
 n - a +0 dagger
Missiles
 d - 9 stones
Armour
 a - a +0 robe (worn)
 m - a +2 pair of boots of rampaging (worn)
Scrolls
 f - 2 scrolls of teleportation {unknown}
 g - 5 scrolls of identify {unknown}
 j - a scroll of torment {unknown}
 l - 3 scrolls of amnesia {unknown}
Potions
 b - a potion of heal wounds {unknown}
 e - 2 potions of haste {unknown}
 h - a potion of invisibility {unknown}
 i - a potion of might {unknown}
 k - a potion of lignification {unknown}


   Skills:
 + Level 1.0 Fighting
 + Level 2.8 Dodging
 + Level 3.0 Stealth
 + Level 3.5 Spellcasting
 + Level 1.8 Conjurations
 * Level 4.1 Fire Magic


You had 4 spell levels left.
You knew the following spells:

 Your Spells              Type           Power      Damage    Failure   Level
a - Foxfire               Conj/Fire      68%        2x1d7     3%          1
b - Scorch                Fire           44%        2d7       3%          2
c - Conjure Flame         Conj/Fire      17%        6-21      11%         3

Your spell library contained the following spells:

 Spells                   Type           Power      Damage    Failure   Level
 Inner Flame              Hex/Fire       13%        N/A       16%         3
 Flame Wave               Conj/Fire      17%        2d6       34%         4


Dungeon Overview and Level Annotations

Branches:
Dungeon (3/15)

Altars:


Message History

Casting: Foxfire (safe; 3% risk of failure)
Confirm with . or Enter, or press ? or * to list all spells.
There is not enough space to conjure foxfire!
You hit the orc.
You kill the orc!
The foxfire hits the orc.
The orc is severely wounded.
The foxfire hits the orc but does no damage.
The orc is severely wounded.
The foxfire hits the orc but does no damage.
The orc is severely wounded.
The orc hits you with a +0 hand axe.
Casting: Foxfire (safe; 3% risk of failure)
Confirm with . or Enter, or press ? or * to list all spells.
You conjure some foxfire!
The orc hits you with a +0 hand axe. The orc barely misses your foxfire.
The foxfire hits the orc but does no damage.
The orc is moderately wounded.
The foxfire hits the orc but does no damage.
The orc is moderately wounded.
Casting: Foxfire (safe; 3% risk of failure)
Confirm with . or Enter, or press ? or * to list all spells.
You conjure some foxfire!
The orc hits you with a +0 hand axe.
* * * LOW HITPOINT WARNING * * *
The orc closely misses your foxfire.
The foxfire hits the orc.
The orc is severely wounded.
The foxfire hits the orc but does no damage.
The orc is severely wounded.
Casting: Foxfire (safe; 3% risk of failure)
Confirm with . or Enter, or press ? or * to list all spells.
You conjure some foxfire!
The orc hits you with a +0 hand axe.
* * * LOW HITPOINT WARNING * * *
Your foxfire dissipates!
The foxfire hits the orc but does no damage.
The orc is severely wounded.
Found a stone staircase leading down.
Found a spiked ring mail.
There is a stone staircase leading down here.
The orc hits you with a +0 hand axe.
You die...

#.#####.###.###
[.. #.# #)# #..
#.# #.# #.. #Y#
#.# #.. #.# #.#
#..####.# #.#
#....##Y# #.#
#....o..# #.#
##.@o#### #..
##.## #.# #.#
#.# ... ###


You could see an ice beast and 2 orcs.

Vanquished Creatures
  2 adders (D:2)
  A worm (D:2)
  An orc (D:3)
  8 endoplasms
  4 hobgoblins
  9 kobolds
  A quokka (D:2)
  7 ball pythons
  5 bats
  2 frilled lizards
  8 goblins
  4 rats
52 creatures vanquished.

Vanquished Creatures (others)
  168 foxfires
168 creatures vanquished.

Grand Total: 220 creatures vanquished

Notes
Turn   | Place    | Note
-------+----------+-------------------------------------------
     0 | D:1      | raph the Deep Elf Fire Elementalist began the quest for the
                  | Orb.
     0 | D:1      | Reached XP level 1. HP: 10/10 MP: 6/6
   301 | D:1      | Found a faded altar of an unknown god.
   302 | D:1      | Reached XP level 2. HP: 15/15 MP: 5/8
   356 | D:1      | Learned a level 2 spell: Scorch
  1137 | D:1      | Reached XP level 3. HP: 20/20 MP: 6/9
  1141 | D:1      | Learned a level 3 spell: Conjure Flame
  1653 | D:2      | Reached skill level 4 in Fire Magic
  2548 | D:2      | Reached XP level 4. HP: 24/24 MP: 7/11
  2704 | D:3      | Reached skill level 1 in Fighting
  2763 | D:3      | Noticed an ice beast
  2791 | D:3      | Slain by an orc

Illustrated notes

Levels and vault maps discovered:
D:1:      onia_arrival_mini_spirals, layout_loops_corners,
          shapermc_ecumenical_altar_acropolis
D:2:      layout_basic, minmay_crystal_water
D:3:      layout_loops_ring, marbit_many_paths, nicolae_ru_the_path_less_chosen,
          uniq_natasha, uniq_ijyb

Skill      XL: |  1  2  3  4 |
---------------+-------------+-----
Fire Magic     | 4 |  4.1
Stealth        | 3 |  3.0
Fighting       | 1 |  1.0
Dodging        | |  2.8
Spellcasting   | |  3.5
Conjurations   | |  1.8

Action                   |  1- 3 |  4- 6 || total
-------------------------+-------+-------++-------
Melee: Short sword       |     9 |     1 ||    10
 Cast: Foxfire           |    92 |    12 ||   104
       Scorch            |     1 |     1 ||     2
 Stab: Sleeping          |     2 |       ||     2
Armor: Robe              |     4 |     1 ||     5
Dodge: Dodged            |    17 |     2 ||    19
